 Dungeon Crawl Stone Soup version 0.29.1-1-gd02db6906a (webtiles) character file.

Game seed: 13724787021014420291

8034 LustLizard the Carver (level 11, -5/86 HPs)
             Began as a Human Gladiator on Oct 12, 2022.
             Was a High Priest of Okawaru.
             Slain by Snorg (21 damage)
             ... on level 10 of the Dungeon.
             The game lasted 00:16:50 (9500 turns).

LustLizard the Carver (Human Gladiator)             Turns: 9500, Time: 00:16:52

Health: -5/86      AC: 18    Str: 14    XL:     11   Next: 48%
Magic:  11/11      EV: 12    Int:  9    God:    Okawaru [*****.]
Gold:   646        SH:  0    Dex: 19    Spells: 7/10 levels left

rFire   . . .      SeeInvis .   d - +2 scimitar
rCold   + . .      Faith    .   (no shield)
rNeg    . . .      Spirit   .   H - +7 Kryia's mail coat {PotionHeal*2 rC+}
rPois   .          Reflect  .   B - +0 helmet
rElec   .          Harm     .   (no cloak)
rCorr   .          Rampage  .   k - +0 pair of gloves
Will    +....                   Q - +0 pair of boots
Stlth   ..........              p - amulet of regeneration
HPRegen 1.04/turn               D - ring of willpower
MPRegen 0.12/turn               F - +4 ring of slaying

@: mighty
A: no striking features
a: Renounce Religion, Heroism, Finesse, Duel


You were on level 10 of the Dungeon.
You worshipped Okawaru.
Okawaru was extremely pleased with you.
You visited 2 branches of the dungeon, and saw 11 of its levels.

You collected 646 gold pieces.

Inventory:

Hand Weapons
 a - a +0 long sword
 d - a +2 scimitar (weapon)
 N - a +3 falchion
 R - a +2 falchion of venom
Missiles
 s - 15 poisoned darts (quivered)
 u - 28 stones
 w - 5 javelins
 J - a curare-tipped dart
 L - 6 silver javelins
 M - 8 boomerangs
Armour
 b - a +0 leather armour
 c - a +0 helmet
 k - a +0 pair of gloves (worn)
 B - a +0 helmet (worn)
 C - a +0 scale mail
 H - the +7 Kryia's mail coat (worn) {PotionHeal*2 rC+}
   (You found it on level 6 of the Dungeon)

   Potions are twice as effective at healing its wearer.
   rC:        It protects you from cold.
 Q - a +0 pair of boots (worn)
Jewellery
 p - an amulet of regeneration (around neck)
 D - a ring of willpower (left hand)
 E - an amulet of guardian spirit
 F - a +4 ring of slaying (right hand)
Wands
 t - a wand of roots (2)
Scrolls
 g - 2 scrolls of teleportation {unknown}
 h - 3 scrolls of immolation
 j - 2 scrolls of vulnerability
 m - 2 scrolls of amnesia
 o - a scroll of summoning {unknown}
 r - 2 scrolls of magic mapping {unknown}
 y - 2 scrolls of fear
 z - 2 scrolls of butterflies {unknown}
 A - a scroll of noise {unknown}
 G - a scroll of poison {unknown}
 I - a scroll of enchant armour {unknown}
 P - a scroll of torment {unknown}
Potions
 e - a potion of lignification
 f - 4 potions of cancellation
 i - 5 potions of mutation
 l - 2 potions of invisibility
 n - 6 potions of curing
 q - 3 potions of might
 v - 2 potions of flight
 x - 3 potions of heal wounds
 K - a potion of resistance
 O - a potion of brilliance
 S - a potion of ambrosia


   Skills:
 + Level 8.2 Fighting
 * Level 11.7 Long Blades
 - Level 4.0 Throwing
 - Level 6.0 Armour
 - Level 6.0 Dodging
 + Level 2.7 Transmutations
 + Level 2.7 Fire Magic
 + Level 2.7 Poison Magic


You had 7 spell levels left.
You knew the following spells:

 Your Spells              Type           Power      Damage    Failure   Level
a - Ignite Poison         Fire/Tmut/Pois 4%         N/A       83%         3

Your spell library contained the following spells:

 Spells                   Type           Power      Damage    Failure   Level
 Passwall                 Tmut/Erth      1%         N/A       78%         2
 Magic Dart               Conj           0%         1d3       83%         1
 Spider Form              Tmut/Pois      4%         N/A       83%         3
 Ensorcelled Hibernation  Hex/Ice        0%         N/A       92%         2
 Mephitic Cloud           Conj/Pois/Air  1%         N/A       97%         3
 Swiftness                Air            0%         N/A       99%         3
 Corpse Rot               Necr/Pois/Air  1%         N/A       100%        4
 Freezing Cloud           Conj/Ice/Air   0%         6-21      100%        5
 Eringya's Noxious Bog    Tmut/Pois      2%         N/A       100%        6
 Storm Form               Tmut/Air       1%         N/A       100%        7
 Maxwell's Capacitive Co  Air            0%         ∞         100%        8
 Call Imp                 Summ           Unusable   N/A       N/A         2
 Summon Lightning Spire   Summ/Air       Unusable   N/A       N/A         4

Dungeon Overview and Level Annotations

Branches:
Dungeon (10/15)            Temple (1/1) D:5            Lair (0/5) D:9
    Orc: D:9-12

Altars:
Ashenzari
Cheibriados
Dithmenos
Elyvilon
Fedhas
Gozag
Hepliaklqana
Kikubaaqudgha
Makhleb
Nemelex Xobeh
Okawaru
Qazlal
Ru
Sif Muna
Trog
Uskayaw
Vehumet
Wu Jian
Xom
Yredelemnul
Zin
The Shining One

Shops:
D:7 !

Annotations:
D:10 Snorg


Message History

Snorg bites you but does no damage. Snorg claws you. x2
You slice Snorg!!
Snorg is moderately wounded.
You closely miss Snorg.
Snorg is moderately wounded.
Snorg goes berserk!
The yak gores you.
You slice Snorg!!
Snorg is moderately wounded.
You hear a shout!
Snorg closely misses you. Snorg claws you. Snorg barely misses you.
The yak barely misses you. The yak gores you but does no damage.
You slash Snorg!
Snorg is heavily wounded.
Snorg misses you. Snorg claws you but does no damage. Snorg claws you!
The yak closely misses you. x2; Snorg bites you!!
Snorg closely misses you. Snorg misses you.
You barely miss Snorg.
Snorg is heavily wounded.
Snorg bites you but does no damage. Snorg claws you but does no damage.
Snorg barely misses you.
The yak gores you but does no damage. x2
You slice Snorg!!
Snorg is severely wounded.
Snorg bites you but does no damage. Snorg claws you but does no damage.
Snorg claws you.
You slice Snorg!!
Snorg is severely wounded.
Snorg barely misses you. Snorg claws you. x2
The yak gores you but does no damage. x2
You barely miss Snorg.
Snorg is severely wounded.
Snorg bites you but does no damage. Snorg closely misses you.
Snorg barely misses you. The yak gores you. The yak gores you!
* * * LOW HITPOINT WARNING * * *
You closely miss Snorg.
Snorg is severely wounded.
Snorg bites you but does no damage. Snorg claws you!
* * * LOW HITPOINT WARNING * * *
Snorg closely misses you. The yak barely misses you.
The yak closely misses you. Snorg bites you!!
You die...

..######..# ##.## #.###
#..# #.#
#...####..####.##
###.............#
#######..####..#
##........# #..#
.#.######.####.?#########
.#..............YY......#
..........####..@TY#.##.
......##### #####.#
.......# ... ....>..#
..... .......# ......#
......## ....... .....##
......# ....... .......
...>.###


You could see Snorg (berserk) and 3 yaks.

Vanquished Creatures
  Urug (D:10)
  Grinder (D:3)
  10 yaks
  A wyvern (D:9)
  A steam dragon (D:8)
  3 wargs (D:9)
  A water moccasin (D:7)
  3 sky beasts
  6 orc warriors
  A black bear (D:5)
  5 ice beasts
  3 centaurs
  2 ogres
  4 kobold brigands
  2 bullfrogs
  A necrophage (D:6)
  2 scorpions
  19 wights
  14 killer bees
  A howler monkey (D:5)
  4 jellies
  8 orc priests
  4 hounds
  Jessica (D:2)
  3 iguanas
  12 orc wizards
  8 adders
  4 shadow imps
  2 ufetubi
  2 worms
  44 orcs
  8 ball pythons
  A bat (D:1)
  4 endoplasms
  A giant cockroach (D:2)
  15 goblins
  4 hobgoblins
  4 jackals (D:3)
  19 kobolds
  A quokka (D:4)
  3 frilled lizards
  5 rats
238 creatures vanquished.

Vanquished Creatures (others)
  2 orcs (D:10)
2 creatures vanquished.

Grand Total: 240 creatures vanquished

Notes
Turn   | Place    | Note
-------+----------+-------------------------------------------
     0 | D:1      | LustLizard the Human Gladiator began the quest for the Orb.
     0 | D:1      | Reached XP level 1. HP: 16/16 MP: 1/1
   224 | D:1      | Reached XP level 2. HP: 21/22 MP: 2/2
   580 | D:1      | Found a faded altar of an unknown god.
   725 | D:1      | Reached XP level 3. HP: 26/27 MP: 3/3
  1014 | D:2      | Noticed Jessica
  1023 | D:2      | Killed Jessica
  1024 | D:2      | Reached skill level 1 in Armour
  1024 | D:2      | Reached XP level 4. HP: 13/34 MP: 4/4
  2493 | D:3      | Noticed Grinder
  2496 | D:3      | Paralysed by Grinder for 2 turns
  2522 | D:3      | Paralysed by Grinder for 3 turns
  2542 | D:3      | Paralysed by Grinder for 5 turns
  2552 | D:3      | Paralysed by Grinder for 2 turns
  2557 | D:3      | Killed Grinder
  2558 | D:3      | Reached skill level 4 in Long Blades
  2558 | D:3      | Reached XP level 5. HP: 30/41 MP: 5/5
  2558 | D:3      | Reached XP level 6. HP: 35/47 MP: 6/6
  3478 | D:4      | Reached XP level 7. HP: 48/52 MP: 7/7
  3529 | D:4      | Reached skill level 5 in Long Blades
  4100 | D:5      | Entered Level 5 of the Dungeon
  4128 | D:5      | HP: 1/52 [ice beast (9)]
  4375 | D:5      | Reached XP level 8. HP: 60/60 MP: 8/8
  4378 | D:5      | Got the Octavo of Vitiation
  4722 | D:5      | Reached skill level 6 in Long Blades
  5012 | D:5      | Found a staircase to the Ecumenical Temple.
  5021 | D:5      | Reached skill level 5 in Dodging
  5032 | Temple   | Entered the Ecumenical Temple
  5333 | Temple   | Became a worshipper of Warmaster Okawaru
  5667 | D:6      | HP: 1/61 [acid (8)]
  5794 | D:6      | Reached skill level 7 in Long Blades
  5794 | D:6      | Reached XP level 9. HP: 66/66 MP: 9/9
  5891 | D:6      | Reached * piety under Okawaru
  5942 | D:6      | Reached skill level 5 in Fighting
  6203 | D:6      | Found the +7 Kryia's mail coat {PotionHeal*2 rC+}
  6371 | D:6      | Reached skill level 8 in Long Blades
  6391 | D:6      | Reached skill level 5 in Armour
  6543 | D:6      | Reached ** piety under Okawaru
  6776 | D:7      | Reached XP level 10. HP: 65/74 MP: 10/10
  6876 | D:7      | Reached skill level 9 in Long Blades
  7191 | D:7      | Reached *** piety under Okawaru
  7410 | D:7      | Found Giro's Distillery.
  7610 | D:7      | Reached skill level 10 in Long Blades
  7884 | D:8      | Reached **** piety under Okawaru
  7967 | D:8      | Found a blossoming altar of Fedhas.
  7967 | D:8      | Found a broken altar of Ashenzari.
  8232 | D:8      | Learned a level 3 spell: Ignite Poison
  8366 | D:9      | Reached XP level 11. HP: 78/84 MP: 11/11
  8376 | D:9      | Reached skill level 11 in Long Blades
  8383 | D:9      | Reached skill level 1 in Transmutations
  8383 | D:9      | Reached skill level 1 in Fire Magic
  8383 | D:9      | Reached skill level 1 in Poison Magic
  8836 | D:9      | Found a staircase to the Lair.
  9046 | D:10     | Entered Level 10 of the Dungeon
  9178 | D:10     | Noticed Urug
  9191 | D:10     | Killed Urug
  9191 | D:10     | Reached ***** piety under Okawaru
  9191 | D:10     | Received a gift from Okawaru
  9351 | D:10     | Received a gift from Okawaru
  9485 | D:10     | Noticed Snorg
  9500 | D:10     | Slain by Snorg

Illustrated notes

Levels and vault maps discovered:
D:1:      minmay_arrival_up_and_down, layout_basic, basic_ecumenical_altar
D:2:      layout_loops_corners, hex_medium, uniq_jessica
D:3:      layout_basic, uniq_grinder
D:4:      layout_loops_ring, dreamdust_princess_corridor, minmay_ogre_servants
D:5:      layout_loops_cross, minmay_temple_entry_poolview
D:6:      layout_loops_corners, grunt_ministairs_14, kennysheep_generic_room_6
D:7:      layout_basic, serial_shops, shop_fountains
D:8:      layout_cave_pools, mainiacjoe_overflow_divided_tiny
D:9:      layout_gridville, erik_lair_orcish_takeover
D:10:     layout_loops_ring, erik_orc_2, uniq_psyche, uniq_amaemon, uniq_urug,
          uniq_snorg
Temple:   mainiacjoe_temple_cubbyholes

Skill      XL: |  1  2  3  4  5  6  7  8  9 10 11 |
---------------+----------------------------------+-----
Armour         | 1 2 3 4 5 6 |  6.0
Fighting       | 3 4 5 7 8 |  8.2
Long Blades    | 4 5 7 8 10 11 | 11.7
Throwing       | 3 4 |  4.0
Dodging        | 4 5 6 |  6.0
Transmutations | 2 |  2.7
Fire Magic     | 2 |  2.7
Poison Magic   | 2 |  2.7

Action                   |  1- 3 |  4- 6 |  7- 9 | 10-12 || total
-------------------------+-------+-------+-------+-------++-------
Melee: Long sword        |    52 |   123 |   248 |       ||   423
       Punch             |       |       |     2 |     9 ||    11
       Scimitar          |       |       |   142 |   358 ||   500
Throw: Dart              |       |     7 |     5 |     4 ||    16
       Javelin           |       |     2 |     1 |       ||     3
       Stone             |       |     1 |    37 |     5 ||    43
       Throwing net      |       |     1 |     3 |       ||     4
Invok: Heroism           |       |       |       |     1 ||     1
Evoke: Wand              |       |     1 |       |       ||     1
  Use: Scroll            |       |     4 |     3 |     8 ||    15
       Potion            |       |       |       |     1 ||     1
 Stab: Sleeping          |     1 |     2 |       |       ||     3
       Held in net/web   |       |       |     4 |       ||     4
Armor: Leather armour    |     9 |    22 |    28 |       ||    59
       Scale mail        |       |       |   180 |   184 ||   364
Dodge: Dodged            |    35 |    73 |   225 |   199 ||   532
